 Dungeon Crawl Stone Soup version 0.31-a0-986-g5e6e4ef867 (webtiles) character file.

Game seed: 6638850893078111298

331 CraigForest the Ruffian (level 6, 0/61 HPs)
             Began as a Troll Monk on Nov 20, 2023.
             Was a Believer of the Shining One.
             Slain by an iguana (6 damage)
             ... on level 5 of the Dungeon.
             The game lasted 00:12:36 (2693 turns).

CraigForest the Ruffian (Troll Monk)                Turns: 2693, Time: 00:12:37

Health: 0/61       AC:  5    Str: 28    XL:     6   Next: 26%
Magic:  5/5        EV: 10    Int:  6    God:    the Shining One [**....]
Gold:   84         SH:  0    Dex: 12    Spells: 5/5 levels left

rFire   . .          .
                       - Unarmed
rCold   . . .        c - orb {light}
rNeg    + + .        a - +0 robe
rPois   .            (helmet restricted)
rElec   .            l - +0 cloak
rCorr   .            (gloves unavailable)
SInv    .            (boots unavailable)
Will    .....        (no amulet)
Stlth   +            r - ring of positive energy
HPRegen 1.10/turn    u - +6 ring of strength
MPRegen 0.09/turn

%: no passive effects
@: glowing
A: large, unfitting armour, claws 3, regeneration 1, shaggy fur 1, tough skin 1
a: Renounce Religion, Divine Shield


You were on level 5 of the Dungeon.
You worshipped the Shining One.
The Shining One was pleased with you.
You visited 2 branches of the dungeon, and saw 6 of its levels.

You collected 169 gold pieces.
You spent 85 gold pieces at shops.

Inventory:

Hand Weapons
 e - a +0 triple sword
Missiles
 v - 3 boomerangs
Armour
 a - a +0 robe (worn)
 c - an orb of light (worn)
 l - a +0 cloak (worn)
Jewellery
 r - a ring of positive energy (left claw)
 u - a +6 ring of strength (right claw)
Wands
 n - a wand of flame (20)
Scrolls
 d - a scroll of poison {unknown}
 f - a scroll of immolation {unknown}
 g - a scroll of teleportation {unknown}
 j - 5 scrolls of identify
 m - a scroll of fear {unknown}
 o - 2 scrolls of vulnerability {unknown}
 q - a scroll of noise {unknown}
Potions
 b - 2 potions of ambrosia
 h - a potion of haste
 i - 2 potions of degeneration
 k - a potion of heal wounds
 p - a potion of magic {unknown}
 s - a potion of might {unknown}
 t - a potion of lignification {unknown}


   Skills:
 + Level 3.1 Fighting
 + Level 3.2 Dodging
 + Level 0.7 Stealth
 + Level 5.9 Unarmed Combat


You had 5 spell levels left.
You didn't know any spells.
Your spell library was empty.

Dungeon Overview and Level Annotations

Branches:
Dungeon (5/15)             Temple (1/1) D:4

Altars:
Elyvilon
Fedhas
Kikubaaqudgha
Makhleb
Nemelex Xobeh
Okawaru
Xom
The Shining One

Shops:
D:3 *


Innate Abilities, Weirdness & Mutations

You are too large for most types of armour.
You have claws for hands.
Your natural rate of healing is unusually fast.
You are covered in fur. (AC +1)
You have tough skin. (AC +1)


Message History

The orc is lightly wounded.
The orc barely misses you.
You mangle the orc!!
You kill the orc!
Items here: )) [ †††.
Items here: ( )) [[ †.
v - 3 boomerangs HP restored.
Done exploring.
Done exploring.
Done exploring.
There is a stone staircase leading down, spattered with blood here.
You climb downwards.
There is a stone staircase leading up here.
Things that are here:
a +0 ring mail; a +0 short sword You now have 84 gold pieces (gained 11).
Found a stone staircase leading up.
Found a stone staircase leading up.
o - 2 scrolls labelled QOIN UDIUWN (gained 1)
An ogre comes into view. It is wielding a +0 giant spiked club.
The ogre shouts!
An iguana comes into view.
The iguana hisses angrily.
You scratch the ogre.
The ogre is lightly wounded.
The ogre hits you with a +0 giant spiked club!!
You scratch the ogre.
The ogre is moderately wounded.
You scratch the ogre.
The ogre is heavily wounded.
The ogre hits you with a +0 giant spiked club.
You claw the ogre!
The ogre is severely wounded.
The ogre hits you with a +0 giant spiked club!!
Ouch! That really hurt!
* * * LOW HITPOINT WARNING * * *
The iguana closely misses you. The iguana attacks as it pursues you!
The iguana bites you.
You die...

............#.....
...................
.........#....###..
.#......##..#......
##.....##.#....... #.
##.##..#....##..###...
## ##.#....## .......
##....# .......
#....@##.......
#....##.l..|.....
#...##.....##.... ###.
##....# . ## #....#
.....# #...#..
...##..# ...## .##


You could see an iguana.

Vanquished Creatures
  An orc priest (D:5)
  A hound (D:4)
  2 jellies (D:5)
  An iguana (D:4)
  4 adders
  7 gnolls (D:4)
  A dart slug (D:2)
  11 orcs
  5 ball pythons
  5 endoplasms
  A giant cockroach (D:3)
  8 hobgoblins
  3 jackals (D:1)
  7 quokkas
  3 bats (D:1)
  A frilled lizard (D:2)
  4 goblins
  6 kobolds
  6 rats
77 creatures vanquished.

Notes
Turn   | Place    | Note
-------+----------+-------------------------------------------
     0 | D:1      | CraigForest the Troll Monk began the quest for the Orb.
     0 | D:1      | Reached XP level 1. HP: 22/22 MP: 0/0
    54 | D:1      | Found a faded altar of an unknown god.
    63 | D:1      | Reached XP level 2. HP: 29/29 MP: 1/1
   490 | D:1      | You fall into a shaft and drop 1 floor!
   849 | D:2      | Reached XP level 3. HP: 36/36 MP: 2/2
  1385 | D:3      | Reached skill level 4 in Unarmed Combat
  1529 | D:3      | Reached XP level 4. HP: 44/44 MP: 3/3
  1861 | D:3      | Found Apyxek's Assorted Antiques.
  1867 | D:3      | Bought a moonstone ring for 85 gold pieces
  1938 | D:4      | Found a staircase to the Ecumenical Temple.
  1949 | Temple   | Entered the Ecumenical Temple
  1954 | Temple   | Became a worshipper of the Shining One
  1954 | Temple   | Reached * piety under the Shining One
  1954 | Temple   | Reached ** piety under the Shining One
  2238 | D:4      | Reached XP level 5. HP: 21/53 MP: 4/4
  2280 | D:4      | Reached skill level 5 in Unarmed Combat
  2471 | D:5      | Entered Level 5 of the Dungeon
  2491 | D:4      | Reached XP level 6. HP: 15/61 MP: 5/5
  2693 | D:5      | Slain by an iguana

Illustrated notes

Levels and vault maps discovered:
D:1:      nicolae_arrival_somewhat_less_tricky_arrival, layout_basic,
          dreamdust_ecumenical_altar_statues
D:2:      layout_loops_cross
D:3:      layout_loops_ring, serial_shops, shop, kennysheep_generic_room_9
D:4:      layout_rooms, minmay_temple_entry_mini_moons, serial_bayou,
          serial_bayou_pond_a, serial_bayou_pond_e, serial_bayou_lagoon_a,
          serial_bayou_shore_a, nicolae_concentric_dashed_squares_mild
D:5:      layout_cave_pools, nicolae_ru_the_path_less_chosen,
          minmay_manual_monstrance
Temple:   hellmonk_temple_micro_hex

Skill      XL: |  1  2  3  4  5 |
---------------+----------------+-----
Unarmed Combat | 4 5 |  5.9
Fighting       | 3 |  3.1
Dodging        | 3 |  3.2
Stealth        | |  0.7

Action                     |  1- 3 |  4- 6 || total
---------------------------+-------+-------++-------
  Melee: Unarmed           |    82 |    72 ||   154
    Use: Scroll            |     3 |       ||     3
 Armour: Robe              |    40 |    79 ||   119
  Dodge: Dodged            |    31 |    52 ||    83

Table legend: (Time is in decaauts)
 A = Elapsed time spent in this place.
 B = Non-inter-level travel time spent in this place.
 C = Inter-level travel time spent in this place.
 D = Time resting spent in this place.
 E = Time spent auto-exploring this place.
 F = Levels seen in this place.
 G = Mean time per level.
                   A        B        C        D        E       F      G
               +--------+--------+--------+--------+--------+-----+--------+
         Total |   2682 |   2602 |     80 |      0 |   2003 |   6 |  447.0 |
       Dungeon |   2671 |   2591 |     80 |      0 |   2003 |   5 |  534.2 |
        Temple |     10 |     10 |      0 |      0 |      0 |   1 |   10.0 |
               +--------+--------+--------+--------+--------+-----+--------+

Top non-repeatable levels by time:
     D:1: 763 daAuts
     D:3: 647 daAuts
     D:4: 638 daAuts
     D:2: 515 daAuts
     D:5: 106 daAuts
  Temple: 10 daAuts
